 Dungeon Crawl Stone Soup version 0.20.1-1-g8b1a95d (webtiles) character file.

24535 graki42 the Thaumaturge (level 12, 0/67 HPs)
             Began as a Deep Elf Fire Elementalist on Aug 8, 2017.
             Was an Elder of Sif Muna.
             Slain by a wolf spider (7 damage)
             ... on level 2 of the Lair of Beasts on Aug 10, 2017.
             The game lasted 01:21:14 (13731 turns).

graki42 the Thaumaturge (DEFE)                     Turns: 13731, Time: 01:21:15

Health: 0/67       AC: 12    Str:  6    XL:     12   Next: 81%
Magic:  28/46      EV: 16    Int: 23    God:    Sif Muna [****..]
Gold:   862        SH: 11    Dex: 17    Spells: 18/38 levels left

rFire    . . .     SeeInvis .   U - staff of power
rCold    . . .     Gourm    .   l - +2 buckler
rNeg     + . .     Faith    .   D - +0 steam dragon scales
rPois    .         Spirit   .   w - +0 helmet
rElec    +         Reflect  +   j - +0 cloak
rCorr    .         Harm     .   O - +1 pair of gloves
MR       +....     Rnd*Tele +   v - +0 pair of boots (curse)
Stlth    +++.......             B - +4 amulet of reflection
Regen    0.3/turn               k - ring of wizardry
MPRegen  0.3/turn               H - ring of positive energy

@: marked, divine energy
A: slimy green scales 1, agile 1, robust 1, electricity resistance, teleportitis
2, weak 1, wild magic 1, no potion heal 1
a: Stop Divine Energy, Channel Magic, Forget Spell, Renounce Religion


You were on level 2 of the Lair of Beasts.
You worshipped Sif Muna.
Sif Muna was greatly pleased with you.
You were not hungry.

You visited 2 branches of the dungeon, and saw 14 of its levels.
You also visited: Labyrinth, Sewer and Volcano.

You collected 862 gold pieces.

Inventory:

Hand Weapons
 p - a +0 dagger of electrocution
 r - the +9 great sword of Growth {slice, rElec}
   (You found it on level 12 of the Dungeon)

   It inflicts extra damage upon your enemies.
   It insulates you from electricity.
 E - the +8 falchion "Minimyse" {drain, +Fly MR+ Str+3 Int+3}
   (You found it on level 9 of the Dungeon)

   A truly terrible weapon, it drains the life of those it strikes.
   It affects your strength (+3).
   It affects your intelligence (+3).
   It affects your resistance to hostile enchantments.
   It lets you fly.
Missiles
 g - 406 stones (quivered)
 h - 4 throwing nets
Armour
 j - a +0 cloak (worn)
 l - a +2 buckler (worn)
 v - a cursed +0 pair of boots (worn)
 w - a +0 helmet (worn)
 D - +0 steam dragon scales (worn)
 O - a +1 pair of gloves (worn)
Magical Staves
 U - an uncursed staff of power (weapon)
Jewellery
 k - a ring of wizardry (left hand)
 B - a +4 amulet of reflection (around neck)
 H - a ring of positive energy (right hand)
Wands
 e - a wand of clouds (5/9)
 m - a wand of digging (20/24)
 G - a wand of paralysis (7/24)
 J - a wand of polymorph (6/24)
 K - a wand of clouds (5/9)
 M - a wand of iceblast (5/15)
Scrolls
 b - a scroll of enchant weapon
 o - 10 scrolls of teleportation
 u - 4 scrolls of remove curse
 y - a scroll of fog
 I - 2 scrolls of immolation
Potions
 d - 3 potions of lignification {unknown}
 f - 3 potions of agility
 q - a potion of ambrosia
 t - 5 potions of curing
 x - 2 potions of cancellation
 z - 2 potions of heal wounds
 A - 2 potions of haste
 C - 2 potions of flight
 L - 2 potions of brilliance {unknown}
Books
 a - a book of Frost

   Spells                             Type                      Level
   a - Freeze                         Ice                          1
   b - Throw Frost                    Conjuration/Ice              2
   c - Ozocubu's Armour               Charms/Ice                   3
   d - Throw Icicle                   Conjuration/Ice              4
   e - Summon Ice Beast               Ice/Summoning                4
 n - a Young Poisoner's Handbook

   Spells                             Type                      Level
   a - Sting                          Conjuration/Poison           1
   b - Poisonous Vapours              Poison/Air                   2
   c - Mephitic Cloud                 Conjuration/Poison/Air       3
   d - Olgreb's Toxic Radiance        Poison                       4
   e - Venom Bolt                     Conjuration/Poison           5
 F - a book of Power

   Spells                             Type                      Level
   a - Iskenderun's Battlesphere      Conjuration/Charms           5
   b - Venom Bolt                     Conjuration/Poison           5
   c - Bolt of Magma                  Conjuration/Fire/Earth       5
   d - Iron Shot                      Conjuration/Earth            6
   e - Orb of Destruction             Conjuration                  7
   f - Spellforged Servitor           Conjuration/Summoning        7
Comestibles
 c - 11 bread rations
 i - 5 fruits
 s - 6 meat rations
 N - a chunk of flesh


   Skills:
 + Level 1.2 Fighting
 + Level 2.1 Short Blades
 + Level 0.1(1.1) Long Blades
   Level 0.1 Slings
 + Level 6.8 Dodging
 + Level 5.0 Stealth
 + Level 3.3 Shields
 + Level 13.8 Spellcasting
 + Level 10.5 Conjurations
 + Level 3.6 Hexes
   Level 0.4 Summonings
 + Level 11.7 Fire Magic
 + Level 2.0 Ice Magic
 * Level 9.9 Invocations


You had 18 spell levels left.
You knew the following spells:

 Your Spells              Type           Power        Failure   Level  Hunger
a - Flame Tongue          Conj/Fire      #####        1%          1    None
b - Conjure Flame         Conj/Fire      ######..     1%          3    None
c - Inner Flame           Hex/Fire       ######..     1%          3    None
d - Sticky Flame          Conj/Fire      ######..     1%          4    None
e - Fireball              Conj/Fire      ######....   1%          5    ###....
f - Throw Icicle          Conj/Ice       ######..     2%          4    None


Dungeon Overview and Level Annotations

Branches:
Dungeon (12/15)            Temple (0/1) D:7            Lair (2/6) D:10
    Orc (0/2) D:11
  Swamp: Lair:2-4    Shoals: Lair:2-4     Snake: Lair:2-4    Spider: Lair:2-4

Altars:
Sif Muna

Shops:
D:6 [   D:11 :*!

Annotations:
D:12 Frances


Innate Abilities, Weirdness & Mutations

You are partially covered in slimy green scales. (AC +2)
You are agile. (Dex +2)
You are robust. (+10% HP)
You are resistant to electric shocks. (rElec)
You are sometimes teleported next to monsters.
You are weak. (Str -2)
Your spells are a little harder to cast, but a little more powerful.
Potions are less effective at restoring your health.


Message History

The wolf spider burns!
The tyrant leech burns!
You kill the tyrant leech!
Sif Muna accepts your kill.
The wolf spider burns!
The wolf spider hits you! The wolf spider misses you.
The wolf spider burns!
The wolf spider stops burning.
Casting: Fireball
Confirm with . or Enter, or press ? or * to list all spells.
Aiming: Sticky Flame
Press: ? - help, Shift-Dir - straight line, f/p - wolf spider
Aim: a wolf spider (heavily wounded, clinging)
The sticky flame hits the wolf spider.
The wolf spider is heavily wounded.
The wolf spider is covered in liquid flames!
The wolf spider burns!
The wolf spider hits you!!
* * * LOW HITPOINT WARNING * * *
You block the wolf spider's attack. The wolf spider hits you!
* * * LOW HITPOINT WARNING * * *
The wolf spider bites you!
You die...

## ####.## ##
#.....### #.## #
###.P..... ...#.#
#.....#..###....##.
##[.#.#.Ps#..P.....
#........Fs@.#
##...#.s####.###
#........# ....
##..#P...##....$.
#.###.............
. #P.....##......#
........### .....##
#Ps#s.### #...## ##
.s...### #.#


You could see a wolf spider (burning), a jumping spider, a redback and a
bullfrog.

Vanquished Creatures
  A minotaur (Lab)
  2 hydras
  2 two-headed ogres
  5 death yaks (D:10)
  An unseen horror (D:11)
  A manticore (D:11)
  A cyclops (D:11)
  An ugly thing (D:11)
  Joseph (D:8)
  A molten gargoyle (Lair:1)
  2 spiny frogs
  A kobold demonologist (D:11)
  2 komodo dragons (Lair:1)
  A troll (D:11)
  A tyrant leech (Lair:2)
  A hornet (D:10)
  A meliai zombie (D:11)
  4 blink frogs (Lair:2)
  5 hippogriffs
  Sigmund (D:6)
  A spriggan (D:10)
  A wraith (D:11)
  2 hungry ghosts
  2 basilisks
  3 steam dragons
  22 yaks
  A water moccasin (D:11)
  2 porcupines
  Purgy (Sewer)
  A swamp drake (D:11)
  3 ice beasts
  3 orc warriors (D:11)
  2 sky beasts
  A necrophage (D:10)
  A black bear (D:6)
  2 phantoms
  4 ogres
  5 centaurs
  9 crocodiles
  13 big kobolds (D:11)
  7 bullfrogs
  A gnoll sergeant (D:6)
  2 scorpions
  17 wights
  5 killer bees (D:11)
  5 howler monkeys
  7 crimson imps
  2 bullfrog zombies (D:10)
  A quasit (D:9)
  4 hounds
  A centaur skeleton (D:5)
  5 orc priests
  3 jellies
  5 orc wizards
  3 bullfrog skeletons
  6 iguanas
  5 worker ants
  A hound zombie (D:5)
  2 hound skeletons
  9 gnolls (D:6)
  A river rat (D:5)
  15 adders
  3 shadow imps
  An ooze (D:3)
  2 adder skeletons
  3 worms (D:2)
  5 dart slugs
  A leopard gecko (D:11)
  35 orcs
  2 ball pythons
  9 giant cockroaches
  11 goblins
  9 hobgoblins
  11 jackals
  10 kobolds
  7 quokkas
  10 bats
  A frilled lizard (D:3)
  A leopard gecko skeleton (D:5)
  A leopard gecko zombie (D:5)
  5 rats
348 creatures vanquished.

Vanquished Creatures (collateral kills)
  An efreet (Volcano)
  A fire elemental (Volcano)
2 creatures vanquished.

Vanquished Creatures (others)
  A centaur (D:11)
  2 fire vortices (Volcano)
  A fulminant prism (Volcano)
  2 fungi (Lair:2)
  A plant (Lair:2)
7 creatures vanquished.

Grand Total: 357 creatures vanquished

Notes
Turn   | Place    | Note
-------+----------+-------------------------------------------
     0 | D:1      | graki42 the Deep Elf Fire Elementalist began the quest for the Orb.
     0 | D:1      | Reached XP level 1. HP: 10/10 MP: 6/6
   287 | D:1      | Reached XP level 2. HP: 15/15 MP: 2/8
   750 | D:2      | Reached XP level 3. HP: 19/19 MP: 3/9
   764 | D:2      | Learned a level 3 spell: Conjure Flame
   768 | D:2      | Learned a level 3 spell: Inner Flame
  1299 | D:2      | Reached XP level 4. HP: 24/24 MP: 8/11
  1493 | D:2      | Found a deep blue altar of Sif Muna.
  1496 | D:2      | Became a worshipper of Sif Muna the Loreminder
  1664 | D:2      | Reached skill level 4 in Spellcasting
  2421 | D:4      | Reached XP level 5. HP: 20/28 MP: 6/13
  2427 | D:4      | Learned a level 4 spell: Sticky Flame
  2452 | D:4      | Noticed an ogre
  2464 | D:4      | Killed an ogre
  2464 | D:4      | Reached skill level 5 in Spellcasting
  2583 | D:4      | Reached skill level 5 in Fire Magic
  2583 | D:4      | Reached XP level 6. HP: 32/32 MP: 7/15
  3186 | D:5      | Entered Level 5 of the Dungeon
  3202 | D:6      | Reached * piety under Sif Muna
  3288 | D:6      | Noticed Sigmund
  3309 | D:6      | Killed Sigmund
  3309 | D:6      | Reached skill level 1 in Short Blades
  3309 | D:6      | Reached skill level 6 in Spellcasting
  3309 | D:6      | Reached XP level 7. HP: 36/36 MP: 10/18
  3351 | D:6      | Found Ulodit's Armour Shop.
  3609 | D:5      | Found a glowing drain.
  3621 | Sewer    | Entered a sewer
  3739 | Sewer    | Noticed Purgy
  3757 | Sewer    | Killed Purgy
  3757 | Sewer    | Reached skill level 5 in Conjurations
  3757 | Sewer    | Reached XP level 8. HP: 41/41 MP: 4/20
  3962 | D:5      | Reached skill level 7 in Spellcasting
  3967 | D:5      | Reached ** piety under Sif Muna
  4057 | D:5      | Reached skill level 1 in Invocations
  4261 | D:5      | Reached skill level 1 in Shields
  4573 | D:6      | Learned a level 5 spell: Fireball
  4736 | D:6      | Reached skill level 1 in Fighting
  5105 | D:7      | Reached skill level 8 in Spellcasting
  5223 | D:7      | Reached XP level 9. HP: 40/47 MP: 17/23
  5246 | D:7      | Found a staircase to the Ecumenical Temple.
  5430 | D:7      | Reached *** piety under Sif Muna
  5643 | D:7      | Reached skill level 5 in Dodging
  6671 | D:8      | Gained mutation: You are agile. (Dex +2) [mutagenic meat]
  6672 | D:8      | Gained mutation: You are robust. (+10% HP) [mutagenic meat]
  6673 | D:8      | Gained mutation: You are occasionally teleported next to monsters. [mutagenic meat]
  6674 | D:8      | Gained mutation: Your magical capacity is low. (-10% MP) [mutagenic meat]
  6675 | D:8      | Gained mutation: You are weak. (Str -2) [mutagenic meat]
  6693 | D:8      | Lost mutation: Your magical capacity is low. (-10% MP) [potion of mutation]
  6693 | D:8      | Lost mutation: You are weak. (Str -2) [potion of mutation]
  6693 | D:8      | Gained mutation: You are partially covered in slimy green scales. (AC +2) [potion of mutation]
  6693 | D:8      | Gained mutation: Potions are less effective at restoring your health. [potion of mutation]
  6693 | D:8      | Gained mutation: You are resistant to electric shocks. (rElec) [potion of mutation]
  6962 | D:8      | Reached skill level 9 in Spellcasting
  7244 | D:8      | Noticed Joseph
  7255 | D:8      | Killed Joseph
  7451 | D:8      | Reached XP level 10. HP: 57/57 MP: 12/25
  7497 | D:8      | Reached skill level 5 in Invocations
  7795 | D:9      | Reached **** piety under Sif Muna
  8370 | D:9      | Reached skill level 10 in Spellcasting
  8436 | D:9      | Reached skill level 1 in Hexes
  8681 | D:9      | Got a translucent falchion
  8682 | D:9      | Identified the +8 falchion "Minimyse" {drain, +Fly MR+ Str+3 Int+3} (You found it on level 9 of the Dungeon)
  8800 | D:10     | Entered Level 10 of the Dungeon
  8902 | D:10     | Noticed a death yak
  8903 | D:10     | Noticed a death yak
  8904 | D:10     | Noticed a death yak
  8914 | D:10     | Killed a death yak
  8920 | D:10     | Killed a death yak
  8925 | D:10     | Killed a death yak
  8925 | D:10     | Reached XP level 11. HP: 37/61 MP: 12/27
  9019 | D:10     | Noticed a six-headed hydra
  9029 | D:10     | Reached skill level 11 in Spellcasting
  9041 | D:10     | Noticed a death yak
  9041 | D:10     | Noticed a death yak
  9046 | D:10     | Killed a death yak
  9052 | D:10     | Killed a death yak
  9052 | D:10     | Reached skill level 10 in Fire Magic
  9170 | D:10     | Found a staircase to the Lair.
  9203 | D:10     | Killed a six-headed hydra
  9203 | D:10     | Reached ***** piety under Sif Muna
  9214 | D:10     | You fall through a shaft for 2 floors!
  9248 | D:12     | Noticed Frances
  9251 | D:12     | Noticed a brown ugly thing
  9255 | D:12     | Found a labyrinth entrance.
  9260 | D:12     | Got a shimmering great sword
  9264 | Lab      | Entered a labyrinth
  9265 | Lab      | Identified the +9 great sword of Growth {slice, rElec} (You found it on level 12 of the Dungeon)
  9829 | Lab      | Noticed a minotaur
  9838 | Lab      | Killed a minotaur
  9838 | Lab      | Identified Sif Muna's Catalogue of the Slime-mould (Sif Muna gifted it to you in a labyrinth)
  9838 | Lab      | Received a gift from Sif Muna
 10115 | D:11     | Noticed a cyan ugly thing
 10122 | D:11     | Killed a cyan ugly thing
 10150 | D:11     | Gained mutation: Your spells are a little harder to cast, but a little more powerful. [mutagenic meat]
 10260 | D:11     | Noticed an unseen horror
 10263 | D:11     | Killed an unseen horror
 10263 | D:11     | Reached skill level 12 in Spellcasting
 10335 | D:11     | Gained mutation: You are weak. (Str -2) [mutagenic meat]
 10338 | D:11     | Lost mutation: Your spells are a little harder to cast, but a little more powerful. [mutagenic meat]
 10339 | D:11     | Gained mutation: You are sometimes teleported next to monsters. [mutagenic meat]
 10340 | D:11     | Gained mutation: Your spells are a little harder to cast, but a little more powerful. [mutagenic meat]
 10823 | D:10     | Noticed a two-headed ogre
 10828 | D:10     | Killed a two-headed ogre
 11307 | Lair:1   | Entered Level 1 of the Lair of Beasts
 11315 | Lair:1   | Learned a level 4 spell: Fulminant Prism
 11361 | Lair:1   | Learned a level 4 spell: Summon Ice Beast
 11440 | Lair:1   | Found a dark tunnel.
 11446 | Volcano  | Entered a volcano
 11464 | Volcano  | Reached XP level 12. HP: 15/67 MP: 30/30
 11839 | D:11     | Found Zosoopt's General Store.
 11909 | D:11     | Learned a level 4 spell: Throw Icicle
 11918 | D:11     | Found Xeozyrgho's Book Boutique.
 11964 | D:11     | Reached skill level 1 in Ice Magic
 12055 | D:11     | Found Nanuz's Distillery.
 12061 | D:11     | Noticed a two-headed ogre
 12064 | D:11     | Reached skill level 13 in Spellcasting
 12066 | D:11     | Killed a two-headed ogre
 12074 | D:11     | Found a staircase to the Orcish Mines.
 12453 | Lair:1   | Noticed a four-headed hydra
 12458 | Lair:1   | Killed a four-headed hydra
 12792 | Lair:1   | Reached skill level 10 in Conjurations
 13037 | Lair:1   | Reached skill level 5 in Stealth
 13731 | Lair:2   | Slain by a wolf spider

Skill      XL: |  1  2  3  4  5  6  7  8  9 10 11 12 |
---------------+-------------------------------------+-----
Fire Magic     | 4 5 6 7 8 9 10 11 | 11.7
Stealth        | 3 4 5 |  5.0
Conjurations   | 2 3 4 5 7 8 9 10 | 10.5
Spellcasting   | 4 5 6 8 9 10 12 13 | 13.8
Short Blades   | 1 2 |  2.1
Dodging        | 3 4 5 6 |  6.8
Invocations    | 2 4 7 8 9 |  9.9
Shields        | 1 2 3 |  3.3
Fighting       | 1 |  1.2
Hexes          | 2 3 |  3.6
Ice Magic      | 2 |  2.0
Long Blades    | |  0.1
Slings         | |  0.1
Summonings     | |  0.4

Action                   |  1- 3 |  4- 6 |  7- 9 | 10-12 || total
-------------------------+-------+-------+-------+-------++-------
Melee: Dagger            |       |     2 |    92 |    13 ||   107
       Falchion          |       |       |       |    11 ||    11
 Fire: Hunting sling     |     2 |       |       |       ||     2
 Cast: Flame Tongue      |    68 |    87 |   204 |   141 ||   500
       Conjure Flame     |     2 |     3 |     6 |    19 ||    30
       Inner Flame       |     1 |       |     3 |    19 ||    23
       Sticky Flame      |       |       |    13 |    67 ||    80
       Fireball          |       |       |    15 |    59 ||    74
       Summon Ice Beast  |       |       |       |    10 ||    10
       Fulminant Prism   |       |       |       |     1 ||     1
       Throw Icicle      |       |       |       |     9 ||     9
Invok: Divine Energy     |       |       |     1 |     3 ||     4
       Stop Divine Energ |       |       |     1 |     2 ||     3
       Channel Magic     |       |       |       |     3 ||     3
       Forget Spell      |       |       |       |     2 ||     2
  Use: Scroll            |     6 |     7 |     4 |    15 ||    32
       Potion            |       |       |     1 |     1 ||     2
 Stab: Sleeping          |       |       |     2 |     1 ||     3
  Eat: Chunk             |     1 |     6 |    19 |    26 ||    52
       Fruit             |       |       |     2 |     2 ||     4
       Royal jelly       |       |       |     1 |     2 ||     3
       Meat ration       |       |       |       |     1 ||     1
Armor: Robe              |     2 |     3 |    17 |       ||    22
       Steam dragon scal |       |       |       |    38 ||    38
Dodge: Dodged            |    15 |    20 |    73 |    91 ||   199
Block: Buckler           |     2 |     7 |    51 |    93 ||   153
       Reflection        |       |       |     7 |     7 ||    14
       Rpst.: Falchion   |       |       |       |     5 ||     5
